AoeStats
← TPE-床上小旋風

Black Forest

503932278Analyzed
4v4 RM · 29d ago on Sep 3, 2026· 104m 49s· 8 players
Game mode
Random Map
Map size
Large (8 player)
Population
200
Speed
Normal
Resources
Standard
Victory
Conquest
Starting age
Dark Age
Ending age
Imperial Age
RankedLock teamsTeams togetherTeam positionsShared explorationLock speedFull tech treeHidden civsTurbo modeCheats
Victory
Defeat
🇦🇷 Burgundians · Argentina
1356
+18
🇵🇪 Goths · Peru
1338
+18
🇨🇱 Ethiopians · Chile
1337
+18
🇨🇦 Mongols · Canada
1336
+18
🇨🇴 Spanish · Colombia
1433
-19
🇲🇽 Khmer · Mexico
1410
-19
🇺🇸 Bohemians · United States
1403
-19
🇷🇺 Persians · Russia
1316
-15
TowersAreArmy
10:15 Feudal Age
13:51 Castle Age
12:25 Double-Bit Axe
12:20 Horse Collar
15:12 Wheelbarrow
15:00 Bow Saw
15:04 Heavy Plow
21:49 Hand Cart
24:00 Stone Mining
24:38 Gold Mining
25:54 Stone Shaft Mining
25:58 Gold Shaft Mining
26:39 Gold Shaft Mining
26:05 Fletching
30:03 Imperial Age
27:29 Bodkin Arrow
27:35 Padded Archer Armor
28:16 Loom
28:17 Town Watch
28:59 Husbandry
29:10 Bloodlines
29:21 Ballistics
29:08 Thumb Ring
30:21 Elite Mangudai
30:25 Onager
31:08 Bracer
31:23 Leather Archer Armor
32:10 Chemistry
31:37 Parthian Tactics
31:57 Conscription
32:36 Drill
32:03 Siege Onager
32:59 Siege Engineers
33:11 Caravan
51:19 Scale Barding Armor
51:24 Forging
50:36 Light Cavalry
51:45 Hussar
54:39 Chain Barding Armor
54:55 Iron Casting
89:41 Blast Furnace
89:27 Capped Ram
90:26 Siege Ram
102:48 Spies/Treason
M-A
0:26 Loom
11:49 Feudal Age
16:18 Castle Age
14:36 Double-Bit Axe
15:11 Horse Collar
15:57 Heavy Plow
16:13 Bow Saw
16:39 Heavy Plow
21:26 Two-Man Saw
25:06 Gold Mining
26:45 Gold Shaft Mining
27:04 Wheelbarrow
27:15 Stone Mining
28:07 Hand Cart
28:47 Treadmill Crane
31:51 Imperial Age
30:08 Coinage
30:40 Guilds
31:26 Scale Barding Armor
32:13 Husbandry
32:40 Chain Barding Armor
32:30 Forging
33:23 Elite Coustillier
37:32 Chemistry
37:32 Plate Barding Armor
37:33 Iron Casting
37:52 Fletching
42:52 Padded Archer Armor
44:49 Burgundian Vineyards
46:54 Conscription
47:36 Crop Rotation
52:47 Light Cavalry
54:30 Blast Furnace
53:24 Hussar
53:31 Cavalier
54:56 Paladin
73:51 Leather Archer Armor
76:20 Elite Skirmisher
77:30 Ballistics
77:07 Bodkin Arrow
78:00 Bracer
86:48 Squires
86:33 Arson
86:53 Scale Mail Armor
88:08 Chain Mail Armor
89:23 Plate Mail Armor
94:24 Bombard Tower
95:40 Masonry
98:30 Architecture
99:36 Murder Holes
100:25 Caravan
104:41 Spies/Treason
Alan_99
2:00 Loom
10:53 Feudal Age
10:59 Man-at-Arms
11:48 Double-Bit Axe
15:02 Arson
23:19 Castle Age
24:36 Bow Saw
27:27 Imperial Age
25:16 Fletching
25:49 Crossbowman
29:07 Chemistry
28:18 Bodkin Arrow
29:32 Padded Archer Armor
33:09 Leather Archer Armor
35:51 Arbalester
37:39 Ballistics
39:00 Caravan
40:14 Wheelbarrow
51:05 Husbandry
Samcito
0:37 Loom
14:49 Feudal Age
18:30 Castle Age
17:02 Horse Collar
17:09 Double-Bit Axe
18:24 Fletching
19:21 Bodkin Arrow
30:56 Anarchy
31:31 Gold Mining
34:46 Imperial Age
31:53 Pikeman
33:01 Scale Mail Armor
33:17 Squires
33:52 Forging
34:28 Chain Mail Armor
35:42 Iron Casting
35:02 Elite Huskarl
36:03 Conscription
35:20 Halberdier
38:03 Stone Mining
43:53 Blast Furnace
47:17 Bow Saw
47:11 Heavy Plow
48:53 Wheelbarrow
55:20 Bracer
70:15 Hand Cart
69:46 Town Watch
74:55 Two-Man Saw
74:51 Town Patrol
76:16 Ballistics
82:13 Chemistry
86:53 Capped Ram
91:17 Coinage
90:58 Guilds
97:27 Caravan
103:36 Banking
.
4:18 Loom
12:14 Feudal Age
15:01 Castle Age
12:59 Horse Collar
13:05 Double-Bit Axe
15:55 Bow Saw
15:46 Heavy Plow
21:35 Wheelbarrow
22:08 Town Watch
24:15 Hand Cart
29:48 Imperial Age
28:25 Bloodlines
28:15 Husbandry
28:43 Scale Barding Armor
28:48 Forging
29:58 Chain Barding Armor
29:48 Forging
30:21 Tusk Swords
32:31 Plate Barding Armor
32:31 Iron Casting
33:16 Stone Mining
33:16 Gold Mining
33:00 Elite Battle Elephant
35:04 Stone Shaft Mining
35:05 Gold Shaft Mining
35:39 Blast Furnace
34:32 Fletching
36:48 Bodkin Arrow
37:33 Hoardings
37:19 Conscription
38:39 Bracer
38:40 Padded Archer Armor
41:41 Conscription
41:41 Light Cavalry
43:00 Hussar
43:53 Hussar
52:16 Double Crossbow
51:37 Elite Ballista Elephant
52:38 Conscription
55:24 Masonry
55:51 Siege Engineers
60:15 Ballistics
70:50 Architecture
71:24 Chemistry
The_Reverend
0:53 Loom
12:30 Feudal Age
17:00 Fletching
20:28 Castle Age
19:07 Double-Bit Axe
20:02 Horse Collar
31:10 Imperial Age
30:23 Chemistry
29:07 Treadmill Crane
29:43 Masonry
29:16 Treadmill Crane
30:20 Scale Mail Armor
30:32 Forging
29:48 Pikeman
31:12 Wheelbarrow
32:12 Fortified Wall
32:33 Architecture
32:44 Squires
33:10 Wagenburg Tactics
35:40 Caravan
37:34 Hand Cart
38:10 Houfnice
41:18 Halberdier
45:57 Conscription
58:53 Husbandry
58:18 Light Cavalry
62:27 Chain Mail Armor
62:20 Scale Barding Armor
62:50 Iron Casting
65:16 Chain Barding Armor
69:35 Blast Furnace
68:43 Heavy Plow
68:41 Arson
juand400
10:38 Feudal Age
14:49 Castle Age
13:14 Town Watch
13:33 Double-Bit Axe
14:14 Horse Collar
15:14 Loom
21:28 Wheelbarrow
22:17 Bow Saw
28:40 Imperial Age
26:20 Padded Archer Armor
26:38 Gold Mining
26:55 Heavy Plow
28:01 Leather Archer Armor
28:36 Bloodlines
28:29 Husbandry
30:47 Ring Archer Armor
31:00 Hand Cart
30:52 Stone Mining
32:08 Two-Man Saw
34:53 Stone Shaft Mining
37:49 Chemistry
37:00 Masonry
37:12 Conscription
36:13 Elite Conquistador
37:25 Fletching
38:15 Town Patrol
40:28 Hoardings
40:29 Architecture
40:19 Bodkin Arrow
39:49 Pikeman
40:30 Squires
40:15 Arson
46:30 Bracer
TPE-床上小旋風
11:16 Feudal Age
14:45 Castle Age
13:04 Double-Bit Axe
14:15 Scale Barding Armor
14:01 Horse Collar
19:43 Loom
20:40 Bow Saw
23:02 Wheelbarrow
24:28 Hand Cart
26:42 Gold Mining
26:42 Stone Mining
26:42 Gold Mining
26:42 Stone Mining
27:03 Stone Mining
27:28 Heavy Plow
28:20 Town Watch
31:44 Imperial Age
29:56 Chain Barding Armor
29:46 Forging
31:27 Bloodlines
31:17 Husbandry
31:32 Kamandaran
32:02 Ballistics
31:48 Caravan
32:18 Coinage
31:34 Elite War Elephant
33:35 Plate Barding Armor
33:35 Iron Casting
32:56 Crossbowman
34:18 Iron Casting
33:34 Fletching
33:44 Padded Archer Armor
34:09 Conscription
34:07 Thumb Ring
35:34 Chemistry
36:13 Hoardings
35:48 Bodkin Arrow
36:56 Blast Furnace
36:57 Leather Archer Armor
37:54 Coinage
41:18 Light Cavalry
41:36 Elite Skirmisher
43:42 Two-Man Saw
43:05 Hussar
51:28 Ring Archer Armor
63:13 Crop Rotation
74:40 Stone Shaft Mining
74:41 Gold Shaft Mining
74:00 Pikeman
74:42 Squires
80:19 Halberdier
81:25 Scale Mail Armor
84:15 Citadels
86:34 Cavalier
90:29 Savar
93:30 Chain Mail Armor
Connection lost

Rejoining the realm…

Still unreachable

The connection could not be restored.

Session expired

The server has moved on; the page needs a fresh start.